 Dungeon Crawl Stone Soup version 0.17-a0-1663-gb806841 (webtiles) character file.

75668 Nebulos the Fighter (level 15, -3/208 HPs)
             Began as a Grey Draconian Berserker on Aug 16, 2015.
             Was a High Priest of Trog.
             Splashed by an acid blob's acid (11 damage)
             ... on level 1 of the Pits of Slime.
             The game lasted 02:18:09 (26295 turns).

Nebulos the Fighter (Grey Draconian Berserker)     Turns: 26295, Time: 02:18:11

Health: -3/208     AC:  1    Str: 30    XL:     15   Next: 10%
Magic:  0/20       EV: 21    Int:  8    God:    Trog [*****.]
Gold:   1422       SH:  9    Dex: 16    Spells: 0 memorised, 14 levels left

rFire  + + .     SeeInvis .     a - +7 whip "Iriotzu" {speed, +Inv Dex+5}
rCold  + . .     Clarity  .     (armour unavailable)
rNeg   . . .     SustAt   .     V - +3 buckler {rC+ rF+}
rPois  +         Gourm    .     (helmet restricted)
rElec  +         Spirit   +     U - +1 cloak {rPois}
rCorr  .         Warding  .     (no gloves)
rMut   .         Stasis   .     N - +0 pair of boots
MR     +....                    p - amulet of guardian spirit
Stlth  ..........               T - ring of protection from fire
                                Q - ring of stealth

@: berserking, corroded equipment, very quick, somewhat resistant to hostile
enchantments, extremely unstealthy
A: walk through water, unfitting armour, electricity resistance, unbreathing,
cold-blooded, AC +14
a: Burn Spellbooks, Berserk, Trog's Hand, Brothers in Arms, Renounce Religion,
Evoke Invisibility


You were on level 1 of the Pits of Slime.
You worshipped Trog.
Trog was extremely pleased with you.
You were hungry.

You visited 3 branches of the dungeon, and saw 22 of its levels.
You also visited: Labyrinth and Sewer.

You collected 1477 gold pieces.
You spent 55 gold pieces at shops.

Inventory:

Hand weapons
 a - the +7 whip "Iriotzu" (weapon) {speed, +Inv Dex+5}
   (You found it on level 5 of the Dungeon)

   Attacks with this weapon are significantly faster.
   It affects your dexterity (+5).
   It lets you turn invisible.
 b - a +2 hand crossbow of freezing
 u - a +3 antimagic eveningstar
Missiles
 O - 10 bolts of frost
 R - 22 bolts of flame
Armour
 N - a +0 pair of boots (worn)
 U - a +1 cloak of poison resistance (worn)
 V - a +3 buckler of resistance (worn)
Jewellery
 e - an uncursed ring of protection from cold
 g - an uncursed ring of sustain attributes
 p - an amulet of guardian spirit (around neck)
 x - an uncursed amulet of resist mutation
 K - an uncursed ring of protection from magic
 L - an uncursed ring of positive energy
 Q - a ring of stealth (left hand)
 S - a +3 ring of strength
 T - a ring of protection from fire (right hand)
 W - an uncursed amulet of resist corrosion
 X - an uncursed ring of protection from cold
Magical devices
 i - a wand of frost (29)
 k - a wand of fire (8)
 s - a wand of disintegration (12)
 w - a wand of slowing (26)
 B - a wand of polymorph (15)
 D - a wand of draining (8)
 F - a wand of paralysis (11)
Scrolls
 c - 4 scrolls of blinking
 j - 3 scrolls of magic mapping
 v - 2 scrolls of teleportation
 y - 2 scrolls of remove curse
 z - 3 scrolls of fog
 A - a scroll of recharging
 I - a scroll of fear
 P - a scroll of identify
Potions
 f - a potion of magic
 l - a potion of cancellation
 m - a potion of flight
 o - a potion of might
 r - 5 potions of haste
 t - 4 potions of curing
 M - a potion of agility
Comestibles
 d - a bread ration
 h - a meat ration
 n - a beef jerky
 q - 8 chunks of flesh


   Skills:
 * Level 14.7 Fighting
   Level 5.6(8.8) Axes
 + Level 10.5(11.1) Maces & Flails
 + Level 6.0 Crossbows
 + Level 13.3 Dodging
 + Level 8.3 Stealth
 + Level 7.3 Shields
 + Level 7.5 Evocations


You had 14 spell levels left.
You didn't know any spells.

Dungeon Overview and Level Annotations

Branches:
Dungeon (13/15)            Temple (0/1) D:7            Lair (8/8) D:10
 Shoals (0/4) Lair:6        Snake (0/4) Lair:4        Slime (1/6) Lair:7
    Orc (0/4) D:10
 Vaults: D:13-14

Altars:
Ashenzari
Cheibriados
Kikubaaqudgha
Okawaru
Qazlal
Sif Muna
The Shining One

Shops:
D:4 !   D:5 [

Annotations:
Lair:1 1 exclusion
Lair:5 dragons fire


Innate Abilities, Weirdness & Mutations

You can walk through water.
Your dull iron-grey scales are very hard (AC +14).
Your body does not fit into most forms of armour.
You can survive without breathing.
You are cold-blooded and may be slowed by cold attacks.
You are resistant to electric shocks.


Message History

A red film seems to cover your vision as you go berserk!
You feel yourself moving faster!
You feel mighty!
You are feeling hungry.
The jelly closely misses you. The acid blob spits acid at you.
The splash of acid hits you!
* * * LOW HITPOINT WARNING * * *
The acid corrodes you!
The acid burns!
* * * LOW HITPOINT WARNING * * *
The jelly hits you but does no damage.
You whack the acid blob!
Your hands burn!
* * * LOW HITPOINT WARNING * * *
The acid blob is severely wounded.
You hit the acid blob but do no damage.
Your hands burn!
* * * LOW HITPOINT WARNING * * *
The acid blob is severely wounded.
The jelly misses you. The acid blob hits you!!
* * * LOW HITPOINT WARNING * * *
You are splashed with acid!
The acid burns!
You die...

................
.................
.................
...............#.
.(...............
.(...............
...(........#....
......J..........
......J@........#
......J..........
......##...##....
.....# #...# #...
....# ##...## #..
.... ##.....## ..
... #...<...# ..
#.8...8.#
#.......#


You could see an acid blob and 2 jellies.

Vanquished Creatures
  A minotaur (Lab)
  Erolcha (D:11)
  10 hydras
  A catoblepas (Lair:7)
  17 death yaks
  Pikel (D:8)
  A lindwurm (Lair:8)
  2 oklob plants
  2 manticores
  3 griffons
  A siren (Lair:6)
  23 elephants
  9 black mambas
  A cyclops (D:12)
  13 spiny frogs
  A torpor snail (Lair:8)
  Psyche (D:9)
  5 fire drakes
  A deep elf priest (D:13)
  12 komodo dragons
  A queen bee (D:9)
  A giant leech (Lair:8)
  2 polar bears
  31 blink frogs
  2 trolls
  5 slime creatures
  3 boulder beetles
  3 deep elf magi
  2 wraiths (D:12)
  A wyvern (D:11)
  33 yaks
  6 basilisks
  A deep elf fighter (D:10)
  9 hippogriffs
  4 hungry ghosts
  Grum (D:10)
  Edmund (D:6)
  17 wolves
  A mottled dragon (D:12)
  15 porcupines
  2 black bears
  A wasp (D:10)
  5 ice beasts
  7 ogres
  4 sky beasts
  4 orc warriors
  21 water moccasins
  5 centaurs
  13 crocodiles
  16 giant frogs
  3 big kobolds
  2 elf zombies (D:12)
  A wyvern skeleton (D:13)
  7 scorpions
  A troll zombie (D:12)
  22 killer bees
  A wight (D:12)
  4 electric eels
  2 giant frog zombies
  3 crimson imps
  7 orc wizards
  5 human zombies (D:12)
  4 giant frog skeletons
  11 iguanas
  5 orc priests
  Ijyb (D:2)
  A centaur zombie (D:7)
  6 jellies
  5 centaur skeletons
  9 hounds
  7 worker ants
  35 sheep
  A mummy (D:12)
  A hound skeleton (D:10)
  A hound zombie (D:8)
  A worker ant zombie (D:10)
  2 gnolls (D:3)
  15 adders
  52 river rats
  3 shadow imps
  5 oozes
  An adder zombie (D:7)
  A worm (Sewer)
  2 adder skeletons
  5 giant geckos
  26 orcs
  5 ball pythons
  7 giant cockroaches
  6 goblins
  13 hobgoblins
  7 jackals
  15 kobolds
  13 bats
  A giant gecko skeleton (D:4)
  2 giant newts
  3 quokkas
  19 rats
  3 fungi
  5 plants (Lair:8)
680 creatures vanquished.

Vanquished Creatures (collateral kills)
  A hydra (D:12)
  A catoblepas (Lair:8)
  A death yak (Lair:8)
  A boulder beetle (Lair:8)
  2 yaks (Lair:8)
6 creatures vanquished.

Vanquished Creatures (others)
  A hungry ghost (D:8)
  2 orc priests (D:8)
  An orc wizard (D:8)
  An iguana (D:8)
  3 river rats (Lair:7)
  2 orcs (D:8)
  A bat (D:10)
  A bush (Lair:8)
  39 fungi
  21 plants
72 creatures vanquished.

Grand Total: 758 creatures vanquished

Notes
Turn   | Place    | Note
--------------------------------------------------------------
     0 | D:1      | Nebulos the Draconian Berserker began the quest for the Orb.
     0 | D:1      | Reached XP level 1. HP: 19/19 MP: 1/1
    86 | D:1      | Reached XP level 2. HP: 16/26 MP: 2/2
   532 | D:1      | Acquired Trog's second power
   584 | D:1      | Reached XP level 3. HP: 28/31 MP: 3/3
   802 | D:1      | Found a glowing golden altar of the Shining One.
   886 | D:2      | Found an iron altar of Okawaru.
   951 | D:2      | Reached skill level 4 in Fighting
  1091 | D:2      | Noticed Ijyb
  1134 | D:2      | Killed Ijyb
  1134 | D:2      | Reached XP level 4. HP: 25/41 MP: 4/4
  1655 | D:3      | Found a snail-covered altar of Cheibriados.
  1670 | D:3      | Reached XP level 5. HP: 26/47 MP: 5/5
  1726 | D:3      | Found a glowing drain.
  1770 | Sewer    | Entered a sewer
  1940 | Sewer    | Reached skill level 5 in Fighting
  2032 | Sewer    | Reached XP level 6. HP: 43/56 MP: 6/6
  2394 | D:3      | You fall through a shaft for 2 floors!
  2394 | D:5      | Entered Level 5 of the Dungeon
  2436 | D:5      | Reached skill level 1 in Stealth
  2679 | D:4      | Found Loqunac's Distillery.
  2686 | D:4      | Bought a potion of heal wounds for 55 gold pieces
  2737 | D:4      | Found a stormy altar of Qazlal.
  2868 | D:4      | Your scales start taking on a dull iron-grey colour.
  2868 | D:4      | Gained mutation: You can survive without breathing. [Grey Draconian growth]
  2868 | D:4      | Reached XP level 7. HP: 60/62 MP: 7/7
  3236 | D:4      | Reached skill level 5 in Dodging
  3412 | D:5      | Reached skill level 5 in Axes
  3439 | D:5      | Acquired Trog's third power
  3509 | D:5      | Reached skill level 6 in Fighting
  3706 | D:5      | Found Ceemy's Armour Emporium.
  3720 | D:5      | Got a crystal whip
  3721 | D:5      | Identified the +7 whip "Iriotzu" {speed, +Inv Dex+5} (You found it on level 5 of the Dungeon)
  4012 | D:6      | Reached XP level 8. HP: 64/71 MP: 8/8
  4049 | D:6      | Reached skill level 1 in Shields
  4341 | D:6      | Noticed Edmund
  4355 | D:6      | Killed Edmund
  4355 | D:6      | Reached skill level 1 in Maces & Flails
  4616 | D:6      | Reached skill level 7 in Fighting
  5338 | D:7      | Found Jaifeamo's Weapon Emporium.
  5361 | D:7      | Reached XP level 9. HP: 81/81 MP: 9/9
  5448 | D:7      | Reached skill level 8 in Fighting
  5482 | D:7      | Reached skill level 1 in Evocations
  5487 | D:7      | Gained mutation: You expend magic power (3 MP) to strengthen your wands. [mutagenic meat]
  5488 | D:7      | Gained mutation: You are dopey. (Int -2) [mutagenic meat]
  5489 | D:7      | Gained mutation: You are robust (+10% HP). [mutagenic meat]
  5490 | D:7      | Lost mutation: You are robust (+10% HP). [mutagenic meat]
  5494 | D:7      | Gained mutation: You are resistant to electric shocks. [potion of mutation]
  5494 | D:7      | Gained mutation: Your flesh is heat resistant. [potion of mutation]
  5629 | D:7      | Found a staircase to the Ecumenical Temple.
  5822 | D:8      | Noticed Pikel
  5868 | D:8      | Killed Pikel
  5884 | D:8      | You fall through a shaft for 2 floors!
  5884 | D:10     | Entered Level 10 of the Dungeon
  5890 | D:10     | Found a staircase to the Orcish Mines.
  6131 | D:10     | Found a staircase to the Lair.
  6303 | D:10     | Paralysed by a wasp for 1 turns
  6445 | D:10     | Reached XP level 10. HP: 86/90 MP: 10/12
  6467 | D:10     | Noticed Grum
  6491 | D:10     | Killed Grum
  6921 | D:9      | Noticed Psyche
  6934 | D:9      | Reached skill level 9 in Fighting
  6960 | D:9      | Killed Psyche
  7141 | D:9      | Found a deep blue altar of Sif Muna.
  8224 | D:8      | Found a glowing golden altar of the Shining One.
  8538 | D:11     | Noticed Erolcha
  8568 | D:11     | Killed Erolcha
  8568 | D:11     | Reached skill level 5 in Stealth
  8683 | D:11     | Reached skill level 5 in Maces & Flails
  8779 | D:11     | Reached XP level 11. HP: 69/99 MP: 11/14
  8823 | D:11     | Noticed a manticore
  8864 | D:11     | Reached skill level 10 in Fighting
  8920 | D:11     | Killed a manticore
  8920 | D:11     | Reached skill level 5 in Evocations
  9715 | D:12     | Found an ancient bone altar of Kikubaaqudgha.
 10191 | D:12     | Noticed a five-headed hydra
 10202 | D:12     | Killed a five-headed hydra
 10202 | D:12     | Reached skill level 10 in Dodging
 10666 | D:13     | Reached skill level 11 in Fighting
 10684 | D:13     | Noticed a deep elf knight
 11037 | Lair:1   | Entered Level 1 of the Lair of Beasts
 11198 | Lair:1   | Received a gift from Trog
 11459 | Lair:1   | Received a gift from Trog
 11530 | Lair:1   | Reached XP level 12. HP: 62/110 MP: 11/17
 12028 | Lair:1   | Lost mutation: Your flesh is heat resistant. [potion of cure mutation]
 12028 | Lair:1   | Lost mutation: You expend magic power (3 MP) to strengthen your wands. [potion of cure mutation]
 12028 | Lair:1   | Lost mutation: You are dopey. (Int -2) [potion of cure mutation]
 12647 | Lair:2   | Found a shattered altar of Ashenzari.
 13951 | Lair:3   | Noticed a four-headed hydra
 13972 | Lair:3   | Killed a four-headed hydra
 13986 | Lair:3   | Reached skill level 12 in Fighting
 14843 | Lair:3   | Received a gift from Trog
 14975 | Lair:4   | Found a labyrinth entrance.
 14985 | Lab      | Entered a labyrinth
 15175 | Lab      | Noticed a minotaur
 15188 | Lab      | Killed a minotaur
 15188 | Lab      | Reached skill level 1 in Crossbows
 15237 | Lab      | Identified a scroll of acquirement
 15486 | Lair:3   | Reached skill level 5 in Shields
 15558 | Lair:1   | Identified a +3 rod of shadows (12/12) (You found it in a labyrinth)
 15559 | Lair:1   | Identified a +5 rod of shadows (14/14) (You found it in a labyrinth)
 15811 | Lair:4   | Noticed a four-headed hydra
 15841 | Lair:4   | Killed a four-headed hydra
 16038 | Lair:4   | Found a staircase to the Snake Pit.
 16082 | Lair:4   | Reached XP level 13. HP: 83/119 MP: 12/18
 16647 | Lair:4   | Got a slimy spear
 16649 | Lair:4   | Identified the +6 spear of Xejestou {drain, +Rage MR++ Str+4} (You found it on level 4 of the Lair of Beasts)
 17806 | Lair:5   | Reached skill level 13 in Fighting
 18273 | Lair:5   | Received a gift from Trog
 18939 | Lair:6   | Found a staircase to the Shoals.
 20459 | Lair:7   | Reached XP level 14. HP: 123/129 MP: 17/19
 20966 | Lair:7   | Found a staircase to the Slime Pits.
 21823 | Lair:8   | Entered Level 8 of the Lair of Beasts
 21955 | Lair:8   | Reached skill level 14 in Fighting
 21994 | Lair:8   | Reached skill level 5 in Crossbows
 23196 | Lair:8   | Received a gift from Trog
 24409 | Lair:7   | Reached skill level 10 in Maces & Flails
 25672 | Lair:8   | Reached XP level 15. HP: 124/139 MP: 17/20
 26121 | Slime:1  | Entered Level 1 of the Pits of Slime
 26222 | Lair:7   | Received a gift from Trog
 26256 | Slime:1  | Noticed an acid blob
 26295 | Slime:1  | HP: 8/208 [acid blob (32)]
 26295 | Slime:1  | Splashed by an acid blob's acid

Vault maps used:
D:1:      dpeg_arrival_water_altar
D:2:      okawaru_trees_2, uniq_iyjb
D:3:      cheibriados_altar_wand_db, gup_sewer_entry_glass
D:4:      nicolae_qazlal_eye_of_the_storm, serial_shops, shop
D:5:      serial_shops, shop, first_bread
D:6:      uniq_edmund
D:7:      minmay_temple_entry_poolview, serial_shops,
          nicolae_shop_temple_entry_statues_fountains, minmay_misc_feat_ornament
D:8:      tso_altar, uniq_pikel
D:9:      zin_angel, led_sif_book, nicolae_sextant, david_nohive_1, uniq_psyche
D:10:     grunt_lair_entry_elf_guard_hut, uniq_grum
D:11:     uniq_erolcha
D:12:     lemuel_mausoleum_altar_kikubaaqudgha
D:13:     hangedman_vaults_entry_quadrant_bands, fountainhead, uniq_maud
Lair:1:   nicolae_quartered_pool_little, grunt_megastairs_2
Lair:2:   wad_woods_structure_01, lemuel_oklob_altar, lemuel_fruit_tree
Lair:3:   grunt_megastairs_3, infiniplex_staircase_pool
Lair:4:   minmay_snake_entry_six_corridors, lab_entry_generic
Lair:5:   dragon1_lemuel
Lair:6:   minmay_shoals_entry_lonely_mermaid, enter_volcano_3
Lair:7:   nicolae_slime_entry_slimehenge
Lair:8:   hangedman_lair_in_review
Slime:1:  cheibrodos_slime_lost_civilization_2
Lab:      labyrinth_mini_lab, labyrinth_skeletal_remains, nicolae_lab_arrow,
          nicolae_lab_grate_2, nicolae_lab_checkerboard, labyrinth_lava_lair,
          nicolae_lab_grate, lab_fountain, nicolae_lab_diamond
Sewer:    sewer_co_15_rooms

Action                   |  1- 3 |  4- 6 |  7- 9 | 10-12 | 13-15 || total
-------------------------+-------+-------+-------+-------+-------++-------
Melee: Hand axe          |   144 |   151 |    45 |       |       ||   340
       Whip              |       |       |   374 |  1338 |  2140 ||  3852
 Fire: Hand crossbow     |       |       |       |     5 |    13 ||    18
Invok: Berserk           |     1 |     1 |     1 |     7 |    13 ||    23
       Burn Spellbooks   |       |       |       |     2 |     1 ||     3
       Brothers in Arms  |       |       |       |     2 |     3 ||     5
       Trog's Hand       |       |       |       |     2 |     2 ||     4
 Abil: Evoke Invisibilit |       |       |     1 |     4 |     3 ||     8
Evoke: Wand              |       |       |     3 |     2 |    13 ||    18
       Rod               |       |       |       |     3 |       ||     3
  Use: Scroll            |     3 |     2 |       |    14 |     9 ||    28
       Potion            |       |       |    10 |     7 |     5 ||    22
 Stab: Sleeping          |       |     3 |     9 |    35 |    16 ||    63
       Invisible         |       |       |       |    17 |     5 ||    22
       Distracted        |       |       |       |     2 |     1 ||     3
       Petrified         |       |       |       |       |     1 ||     1
  Eat: Chunk             |     1 |     7 |    13 |    25 |    28 ||    74
       Bread ration      |       |       |     1 |       |     1 ||     2
       Fruit             |       |       |     1 |     6 |       ||     7
       Royal jelly       |       |       |       |     8 |     1 ||     9
       Beef jerky        |       |       |       |       |     4 ||     4
       Pizza             |       |       |       |       |     2 ||     2
       Meat ration       |       |       |       |       |     1 ||     1
